CLL
SAN JOSE BEES @ STOCKTON MARINERS
06/11/1982
 
TOP OF THE 1ST
San Jose Bees batting - Pitching for Stockton Mariners : RHP Joe McClain
Pitching: RHP Joe McClain
Batting: RHB Anthony Laurenzi 0-0: Called Strike
0-1: Swinging Strike
0-2: Foul Ball, location: 2F
0-2: Ball
1-2: Ball
2-2: Fly out, F8 (Flyball, 8RD, EV 92.5 MPH)
Batting: RHB Ron MacDonald 0-0: Ball
1-0: Called Strike
1-1: Ball
2-1: Foul Ball, location: 2F
2-2: Ball
3-2: Foul Ball, location: 2F
3-2: DOUBLE (Flyball, 89D, EV 105.0 MPH)
Batting: LHB Stanley Davis 0-0: Ground out U3 (Groundball, 34S, EV 93.1 MPH)
Ron MacDonald to third
Batting: RHB Ricky McMullen 0-0: Ball
1-0: Fly out, F7 (Flyball, 7, EV 86.3 MPH)
Top of the 1st over - 0 runs, 1 hit, 0 errors, 1 left on base; San Jose 0 - Stockton 0
BOTTOM OF THE 1ST
Stockton Mariners batting - Pitching for San Jose Bees : RHP Kerry Burchett
Pitching: RHP Kerry Burchett
Batting: LHB Harold Perkins 0-0: Swinging Strike
0-1: Ball
1-1: Foul Ball, location: 2F
1-2: Ball
2-2: Foul Ball, location: 2F
2-2: Ball
3-2: Ground out 2-3 (Groundball, 15S, EV 61.9 MPH)
Batting: LHB Ricky Nelson 0-0: Fly out, F3 (Popup, 3F, EV 83.8 MPH)
Batting: LHB Marvin Ward 0-0: SINGLE (Flyball, 56D, EV 96.3 MPH)
Batting: LHB David Cawthon 0-0: TRIPLE (Flyball, 89XD, EV 92.5 MPH)
Marvin Ward scores
Batting: LHB Marty Pevey 0-0: Ball
1-0: Called Strike
1-1: Swinging Strike
1-2: Strikes out swinging
Bottom of the 1st over - 1 run, 2 hits, 0 errors, 1 left on base; San Jose 0 - Stockton 1
TOP OF THE 2ND
San Jose Bees batting - Pitching for Stockton Mariners : RHP Joe McClain
Batting: RHB Michael Parker 0-0: Ball
1-0: Foul Ball, location: 2F
1-1: Ground out 5-3 (Groundball, 5, EV 98.8 MPH)
Batting: RHB Timothy Wallace 0-0: Ball
1-0: Ground out U3 (Groundball, 13, EV 85.0 MPH)
Batting: LHB Dale Weaver 0-0: Fly out, F6 (Popup, 6, EV 77.5 MPH)
Top of the 2nd over - 0 runs, 0 hits, 0 errors, 0 left on base; San Jose 0 - Stockton 1
BOTTOM OF THE 2ND
Stockton Mariners batting - Pitching for San Jose Bees : RHP Kerry Burchett
Batting: LHB Duane Evans 0-0: Called Strike
0-1: Ball
1-1: Ball
2-1: Foul Ball, location: 2F
2-2: Fly out, F7 (Line Drive, 7D, EV 85.0 MPH)
Batting: LHB Victor Gavidia 0-0: Fly out, F8 (Flyball, 8LM, EV 86.3 MPH)
Batting: RHB William Butler 0-0: Called Strike
0-1: Ball
1-1: Ball
2-1: Swinging Strike
2-2: Fly out, F9 (Flyball, 89M, EV 87.5 MPH)
Bottom of the 2nd over - 0 runs, 0 hits, 0 errors, 0 left on base; San Jose 0 - Stockton 1
TOP OF THE 3RD
San Jose Bees batting - Pitching for Stockton Mariners : RHP Joe McClain
Batting: RHB David Hoyt 0-0: Foul Ball, location: 2F
0-1: Foul Ball, location: 2F
0-2: Foul Ball, location: 2F
0-2: Ball
1-2: Ground out U3 (Groundball, 3S, EV 61.3 MPH)
Batting: RHB Bill Pinkham 0-0: Ball
1-0: Ball
2-0: Ball
3-0: Called Strike
3-1: Swinging Strike
3-2: Strikes out swinging
Batting: RHB Anthony Laurenzi 0-0: Called Strike
0-1: Ball
1-1: Ball
2-1: Fly out, F9 (Flyball, 89M, EV 92.5 MPH)
Top of the 3rd over - 0 runs, 0 hits, 0 errors, 0 left on base; San Jose 0 - Stockton 1
BOTTOM OF THE 3RD
Stockton Mariners batting - Pitching for San Jose Bees : RHP Kerry Burchett
Batting: RHB Brian Greer 0-0: Ball
1-0: Ball
2-0: Foul Ball, location: 2F
2-1: Called Strike
2-2: Ground out 6-3 (Groundball, 6, EV 108.1 MPH)
Batting: LHB Harold Perkins 0-0: Ball
1-0: Ball
2-0: SINGLE (Groundball, 6MD, EV 99.4 MPH)
Batting: LHB Ricky Nelson 0-0: Ball
1-0: Called Strike
1-1: Ball
2-1: Foul Ball, location: 2F
2-2: Fielders Choice at 2nd, 4-6 (Groundball, 4, EV 80.6 MPH)
Batting: LHB Marvin Ward 0-0: Ball
1-0: Ball
2-0: Swinging Strike
2-1: SINGLE (Line Drive, 9S, EV 90.0 MPH)
Ricky Nelson to second
Runner from 2nd tries for 3rd, SAFE, no throw by RF
Batting: LHB David Cawthon 0-0: Called Strike
0-1: Foul Ball, location: 2F
0-2: Ball
1-2: Foul Ball, location: 2F
1-2: Fly out, F4 (Line Drive, 4, EV 73.8 MPH)
Bottom of the 3rd over - 0 runs, 2 hits, 0 errors, 2 left on base; San Jose 0 - Stockton 1
TOP OF THE 4TH
San Jose Bees batting - Pitching for Stockton Mariners : RHP Joe McClain
Batting: RHB Ron MacDonald 0-0: Ball
1-0: Foul Ball, location: 2F
1-1: Ball
2-1: Hit by Pitch
Batting: LHB Stanley Davis 0-0: DOUBLE (Line Drive, 78D, EV 101.3 MPH)
Ron MacDonald to third
Ron MacDonald scores
Batting: RHB Ricky McMullen 0-0: Ground out 4-3 (Groundball, 4, EV 81.3 MPH)
Stanley Davis to third
Batting: RHB Michael Parker 0-0: Ball
1-0: Ball
2-0: Called Strike
2-1: Ball
3-1: Called Strike
3-2: Foul Ball, location: 2F
3-2: Foul Ball, location: 2F
3-2: Ground out 5-3 (Groundball, 56, EV 90.0 MPH)
Stanley Davis scores
Batting: RHB Timothy Wallace 0-0: Ball
1-0: Reached on error, E3 (Groundball, 13, EV 86.3 MPH)
Batting: LHB Dale Weaver 0-0: Ball
1-0: Ball
2-0: Called Strike
2-1: Swinging Strike
2-2: SINGLE (Groundball, 6MD, EV 103.8 MPH)
Timothy Wallace to second
Runner from 2nd tries for 3rd, SAFE, throw by CF made to third
Batting: RHB David Hoyt 0-0: Ball
1-0: Ball
2-0: Ball
Passed Ball!
Timothy Wallace scores
Dale Weaver to second
3-0: Called Strike
3-1: Swinging Strike
3-2: Ground out 5-3 (Groundball, 56S, EV 76.3 MPH)
Top of the 4th over - 3 runs, 2 hits, 1 error, 1 left on base; San Jose 3 - Stockton 1
BOTTOM OF THE 4TH
Stockton Mariners batting - Pitching for San Jose Bees : RHP Kerry Burchett
Batting: LHB Marty Pevey 0-0: Ball
1-0: Ball
2-0: Foul Ball, location: 2F
2-1: Called Strike
2-2: Ball
3-2: Foul Ball, location: 2F
3-2: Foul Ball, location: 2F
3-2: Foul Ball, location: 2F
3-2: Ground out 3-1 (Groundball, 34S, EV 85.6 MPH)
Batting: LHB Duane Evans 0-0: Ball
1-0: Fly out, F8 (Line Drive, 8RD, EV 91.9 MPH)
Batting: LHB Victor Gavidia 0-0: Ground out 5-3 (Groundball, 5D, EV 108.1 MPH)
Bottom of the 4th over - 0 runs, 0 hits, 0 errors, 0 left on base; San Jose 3 - Stockton 1
TOP OF THE 5TH
San Jose Bees batting - Pitching for Stockton Mariners : RHP Joe McClain
Batting: RHB Bill Pinkham 0-0: Foul Ball, location: 2F
0-1: Swinging Strike
0-2: Ball
1-2: Ball
2-2: Ball
3-2: Base on Balls
Batting: RHB Anthony Laurenzi 0-0: Bunted foul
0-1: Bunt missed!
0-2: Ball
1-2: Fly out, F7 (Flyball, 7D, EV 93.8 MPH)
Batting: RHB Ron MacDonald 0-0: Foul Ball, location: 2F
0-1: Foul Ball, location: 2F
0-2: Foul Ball, location: 2F
0-2: Hit by Pitch
Bill Pinkham to second
Batting: LHB Stanley Davis 0-0: Called Strike
0-1: Ball
1-1: Ball
2-1: Fly out, F8 (Flyball, 78D, EV 85.0 MPH)
Runner from 2nd tags up, SAFE at 3rd with throw by CF
Batting: RHB Ricky McMullen 0-0: Ball
1-0: Ball
2-0: Fly out, F8 (Flyball, 8RXD, EV 92.5 MPH)
Top of the 5th over - 0 runs, 0 hits, 0 errors, 2 left on base; San Jose 3 - Stockton 1
BOTTOM OF THE 5TH
Stockton Mariners batting - Pitching for San Jose Bees : RHP Kerry Burchett
Batting: RHB William Butler 0-0: Ball
1-0: Foul Ball, location: 2F
1-1: SINGLE (Groundball, 25, EV 63.1 MPH) (infield hit)
Batting: RHB Brian Greer 0-0: Ball
1-0: Called Strike
1-1: Called Strike
1-2: Fly out, F9 (Line Drive, 9, EV 97.5 MPH)
Batting: LHB Harold Perkins 0-0: Ball
1-0: Ball
2-0: Foul Ball, location: 2F
2-1: Called Strike
2-2: Ball
William Butler is caught stealing 2nd base 2-6
3-2: Foul Ball, location: 2F
3-2: Foul Ball, location: 2F
3-2: Base on Balls
Batting: LHB Ricky Nelson 0-0: Called Strike
0-1: Ball
Wild Pitch!
Harold Perkins to second
1-1: Ball
2-1: Ball
3-1: Called Strike
3-2: SINGLE (Flyball, 7S, EV 93.1 MPH)
Harold Perkins to third
Harold Perkins scores
Batting: LHB Marvin Ward 0-0: Ball
1-0: Ball
2-0: Foul Ball, location: 2F
2-1: Ball
3-1: SINGLE (Groundball, 34D, EV 95.0 MPH)
Ricky Nelson to second
Runner from 2nd tries for 3rd, OUT! 9-5
Bottom of the 5th over - 1 run, 3 hits, 0 errors, 1 left on base; San Jose 3 - Stockton 2
TOP OF THE 6TH
San Jose Bees batting - Pitching for Stockton Mariners : RHP Joe McClain
Batting: RHB Michael Parker 0-0: Ball
1-0: Fly out, F8 (Flyball, 8LS, EV 96.9 MPH)
Batting: RHB Timothy Wallace 0-0: Ball
1-0: Fly out, F8 (Line Drive, 8RM, EV 90.6 MPH)
Batting: LHB Dale Weaver 0-0: Ball
1-0: Swinging Strike
1-1: Ball
2-1: Ball
3-1: Base on Balls
Batting: RHB David Hoyt 0-0: Ground out 1-3 (Groundball, 13S, EV 75.0 MPH)
Top of the 6th over - 0 runs, 0 hits, 0 errors, 1 left on base; San Jose 3 - Stockton 2
BOTTOM OF THE 6TH
Stockton Mariners batting - Pitching for San Jose Bees : RHP Kerry Burchett
Batting: LHB David Cawthon 0-0: Foul Ball, location: 2F
0-1: Reached on error, E6 (Groundball, 4MS, EV 74.4 MPH)
Batting: LHB Marty Pevey 0-0: Foul Ball, location: 2F
0-1: Ball
1-1: Ball
2-1: Foul Ball, location: 2F
2-2: Fly out, F8 (Flyball, 89D, EV 77.5 MPH)
Runner from 2nd tags up, SAFE at 3rd, no throw by CF
Batting: LHB Duane Evans 0-0: Ball
1-0: Called Strike
1-1: Ball
2-1: Ball
3-1: Base on Balls
Batting: LHB Victor Gavidia 0-0: Hit by Pitch
Duane Evans to second
Batting: RHB William Butler 0-0: Ball
1-0: Foul Ball, location: 2F
1-1: Fly out, F9 (Line Drive, 9, EV 90.6 MPH)
Runner from 3rd tags up, SCORES, throw by RF
Duane Evans to third
Batting: RHB Brian Greer 0-0: Ball
1-0: Called Strike
1-1: Fly out, F7 (Flyball, 78M, EV 76.9 MPH)
Bottom of the 6th over - 1 run, 0 hits, 1 error, 2 left on base; San Jose 3 - Stockton 3
TOP OF THE 7TH
San Jose Bees batting - Pitching for Stockton Mariners : RHP Joe McClain
Batting: RHB Bill Pinkham 0-0: Fly out, F7 (Flyball, 7D, EV 87.5 MPH)
Batting: RHB Anthony Laurenzi 0-0: Ball
1-0: Foul Ball, location: 2F
1-1: Ground out 1-3 (Groundball, 15, EV 72.5 MPH)
Batting: RHB Ron MacDonald 0-0: Ball
1-0: Ground out 4-3 (Groundball, 4, EV 90.6 MPH)
Top of the 7th over - 0 runs, 0 hits, 0 errors, 0 left on base; San Jose 3 - Stockton 3
BOTTOM OF THE 7TH
Stockton Mariners batting - Pitching for San Jose Bees : RHP Kerry Burchett
Batting: LHB Harold Perkins 0-0: Foul Ball, location: 2F
0-1: Swinging Strike
0-2: Ball
1-2: Fly out, F9 (Flyball, 9, EV 83.1 MPH)
Batting: LHB Ricky Nelson 0-0: Ball
1-0: Called Strike
1-1: Fly out, F7 (Line Drive, 7, EV 93.8 MPH)
Batting: LHB Marvin Ward 0-0: DOUBLE (Flyball, 78D, EV 95.0 MPH)
Pitching: LHP Gerald Stutzriem
Batting: LHB David Cawthon 0-0: Ball
1-0: Ground out U3 (Groundball, 34S, EV 89.4 MPH)
Bottom of the 7th over - 0 runs, 1 hit, 0 errors, 1 left on base; San Jose 3 - Stockton 3
TOP OF THE 8TH
San Jose Bees batting - Pitching for Stockton Mariners : RHP Joe McClain
Batting: LHB Stanley Davis 0-0: Ball
1-0: Called Strike
1-1: Ground out 6-3 (Groundball, 6, EV 106.9 MPH)
Batting: RHB Ricky McMullen 0-0: Ball
1-0: Ball
2-0: Swinging Strike
2-1: Ball
3-1: Foul Ball, location: 2F
3-2: Ground out 4-3 (Groundball, 4, EV 86.9 MPH)
Batting: RHB Michael Parker 0-0: Called Strike
0-1: Ball
1-1: SINGLE (Line Drive, 34D, EV 94.4 MPH)
Batting: RHB Timothy Wallace 0-0: Fly out, F7 (Flyball, 7LS, EV 90.0 MPH)
Top of the 8th over - 0 runs, 1 hit, 0 errors, 1 left on base; San Jose 3 - Stockton 3
BOTTOM OF THE 8TH
Stockton Mariners batting - Pitching for San Jose Bees : LHP Gerald Stutzriem
Batting: LHB Marty Pevey 0-0: Ball
1-0: Called Strike
1-1: Foul Ball, location: 2F
1-2: Ball
2-2: SINGLE (Groundball, 4D, EV 96.3 MPH)
Batting: LHB Duane Evans 0-0: Ball
Marty Pevey steals 2nd base
1-0: Ground out U3 (Groundball, 3L, EV 102.5 MPH)
Marty Pevey to third
Batting: LHB Victor Gavidia 0-0: Ball
1-0: Ball
2-0: Ball
3-0: Called Strike
3-1: Swinging Strike
3-2: Strikes out swinging
Batting: RHB William Butler 0-0: Ball
1-0: Ball
2-0: Ball
3-0: Base on Balls
Batting: RHB Brian Greer 0-0: 3-RUN HOME RUN (Flyball, 78XD, EV 110.6 MPH), Distance : 424 ft
Pitching: RHP Rick A Anderson
Batting: LHB Harold Perkins 0-0: Ground out 5-3 (Groundball, 56, EV 93.1 MPH)
Bottom of the 8th over - 3 runs, 2 hits, 0 errors, 0 left on base; San Jose 3 - Stockton 6
TOP OF THE 9TH
San Jose Bees batting - Pitching for Stockton Mariners : RHP Joe McClain
Pitching: LHP Robert Alsup
Now at 2B: Paul Plinski
Batting: LHB Dale Weaver 0-0: Called Strike
0-1: Foul Ball, location: 2F
0-2: Foul Ball, location: 2F
0-2: Ball
1-2: Strikes out swinging
Batting: RHB David Hoyt 0-0: Ball
1-0: Called Strike
1-1: Ball
2-1: SINGLE (Groundball, 56D, EV 96.9 MPH)
Batting: RHB Bill Pinkham 0-0: Called Strike
0-1: Swinging Strike
0-2: Ball
1-2: Ball
2-2: Fly out, F9 (Line Drive, 9, EV 102.5 MPH)
Batting: RHB Anthony Laurenzi 0-0: Called Strike
0-1: Ball
1-1: Called Strike
1-2: Foul Ball, location: 2F
1-2: Ball
2-2: Strikes out swinging
Top of the 9th over - 0 runs, 1 hit, 0 errors, 1 left on base; San Jose 3 - Stockton 6
Thursday, August 6th, 2020 - OOTP Baseball 21.5 Build 76